 Dungeon Crawl Stone Soup version 0.30.1-3-gfc49f6343a (webtiles) character file.

Game seed: 8134331890561583279

123 Fodor the Covered (level 4, 0/41 HPs)
             Began as a Minotaur Fighter on Aug 6, 2023.
             Slain by Pikel
             ... wielding a +1 whip of freezing
              (1 damage)
             ... on level 4 of the Dungeon.
             The game lasted 00:18:45 (3267 turns).

Fodor the Covered (Minotaur Fighter)                Turns: 3267, Time: 00:18:45

Health: 0/41       AC: 18    Str: 20 (22) XL:     4   Next: 80%
Magic:  0/3        EV:  8    Int:  3 (5)  God:
Gold:   219        SH:  4    Dex:  9 (10) Spells: 3/3 levels left

rFire   . . .        f - +2 flail (protect)
rCold   . . .        c - +0 buckler
rNeg    . . .        b - +0 chain mail
rPois   .            (helmet restricted)
rElec   .            (no cloak)
rCorr   .            (no gloves)
SInv    .            q - +0 pair of boots
Will    .....        g - amulet of guardian spirit Stlth
                     (no ring)
HPRegen 0.26/turn    (no ring)
MPRegen 0.08/turn

%: guardian spirit
@: mighty, under a protective aura, attractive
A: horns 2, retaliatory headbutt
a: no special abilities


You were on level 4 of the Dungeon.
You visited 1 branch of the dungeon, and saw 4 of its levels.

You collected 219 gold pieces.

Inventory:

Hand Weapons
 f - a +2 flail of protection (weapon)
 j - a +0 sling
Missiles
 r - 2 boomerangs (quivered)
Armour
 b - a +0 chain mail (worn)
 c - a +0 buckler (worn)
 q - a +0 pair of boots (worn)
Jewellery
 g - an amulet of guardian spirit (around neck)
Scrolls
 a - a scroll of vulnerability {unknown}
 e - a scroll of silence {unknown}
 h - a scroll of magic mapping {unknown}
 k - a scroll of summoning {unknown}
 l - a scroll of poison {unknown}
 m - a scroll of fear {unknown}
 n - a scroll of enchant armour {unknown}
 o - a scroll of identify {unknown}
 p - a scroll of noise
 s - a scroll of blinking {unknown}
Potions
 d - 2 potions of might
 i - a potion of degeneration


   Skills:
 + Level 4.4 Fighting
 + Level 2.5 Long Blades
 + Level 1.7 Maces & Flails
 + Level 4.9 Armour
 + Level 1.7 Dodging
 + Level 0.1 Stealth
 + Level 4.1 Shields


You had 3 spell levels left.
You didn't know any spells.
Your spell library contained the following spells:

 Spells                   Type           Power      Damage    Failure   Level
 Kiss of Death            Conj/Necr      0%         2d5       99%         1
 Poisonous Vapours        Pois/Air       0%         N/A       100%        2
 Searing Ray              Conj           0%         2d4       100%        2
 Confusing Touch          Hex            0%         N/A       100%        3
 Gell's Gravitas          Tloc           0%         N/A       100%        3
 Teleport Other           Tloc           0%         N/A       100%        3
 Tukima's Dance           Hex            0%         N/A       100%        3
 Dispel Undead            Necr           0%         3d6       100%        4
 Passage of Golubria      Tloc           0%         N/A       100%        4
 Sticky Flame             Conj/Fire      0%         2d3       100%        4
 Summon Lightning Spire   Summ/Air       0%         N/A       100%        4
 Yara's Violent Unravell  Hex/Tmut       0%         3d3       100%        5
 Dispersal                Tloc           0%         N/A       100%        6


Dungeon Overview and Level Annotations

Branches:
Dungeon (4/15)
 Temple: D:4-7

Altars:

Shops:
D:2 [

Annotations:
D:4 Pikel


Innate Abilities, Weirdness & Mutations

You have a pair of horns on your head.
You reflexively headbutt those who attack you in melee.


Message History

Pikel is heavily wounded.
You block the lemure's attack. The lemure hits you but does no damage.
Pikel hits you but does no damage.
You closely miss Pikel.
Pikel is heavily wounded.
Pikel hits you but does no damage. The lemure closely misses you.
You furiously retaliate!
You headbutt the lemure. You block the lemure's attack.
The lemure barely misses you. The lemure hits you but does no damage.
Pikel says, "You'll make a fine lemure."
Pikel hits you with a +1 whip of freezing!
Pikel freezes you.
You closely miss Pikel.
Pikel is heavily wounded.
Pikel hits you with a +1 whip of freezing!
* * * LOW HITPOINT WARNING * * *
Pikel freezes you.
* * * LOW HITPOINT WARNING * * *
You block the lemure's attack. The lemure hits you.
* * * LOW HITPOINT WARNING * * *
It was a potion of attraction.
You feel attractive to monsters.
The lemure hits you but does no damage. x2; You block Pikel's attack.
You feel very mighty all of a sudden. Pikel misses you.
The lemure hits you but does no damage. x2
You sock Pikel!
Your weapon exudes an aura of protection.
Pikel is severely wounded.
Pikel closely misses you.
The lemure hits you but does no damage. x2
You completely miss Pikel.
Pikel is severely wounded.
Pikel says, "You'll feel the lick of my whip!"
Pikel drinks a potion.
Pikel is healed!
The lemure hits you but does no damage. x4
Pikel hits you but does no damage.
You sock Pikel!
Pikel is severely wounded.
Pikel hits you with a +1 whip of freezing.
* * * LOW HITPOINT WARNING * * *
Pikel freezes you.
You die...

...... ..... ####.
>... ####.... ##..(
........ ....##
.......## #55..
........ #K5#
.......
#@5############...
#).##.............
#..##.#########...
#..#......... #...
#######..#.........
#...
.........#.........
#...
..................#
#...
.........########..
###. ........... .
#.


You could see Pikel and 4 lemures.

Vanquished Creatures
  An iguana (D:4)
  4 gnolls
  A worm (D:2)
  3 dart slugs
  2 orcs (D:4)
  6 ball pythons
  3 endoplasms
  3 giant cockroaches (D:1)
  7 goblins
  3 hobgoblins
  6 kobolds
  2 quokkas
  4 bats (D:1)
  A frilled lizard (D:1)
  2 rats (D:1)
48 creatures vanquished.

Notes
Turn   | Place    | Note
-------+----------+-------------------------------------------
     0 | D:1      | Fodor the Minotaur Fighter began the quest for the Orb.
     0 | D:1      | Reached XP level 1. HP: 19/19 MP: 0/0
    28 | D:1      | Got the Tractate on the Hurtful Wind
    56 | D:1      | Reached XP level 2. HP: 8/27 MP: 1/1
   486 | D:1      | Reached skill level 1 in Maces & Flails
   569 | D:1      | Reached XP level 3. HP: 30/33 MP: 2/2
  1850 | D:2      | Found Woecwed's Antique Armour Shoppe.
  2253 | D:3      | Found a faded altar of an unknown god.
  2477 | D:3      | Reached XP level 4. HP: 8/41 MP: 0/3
  3157 | D:4      | Reached skill level 1 in Dodging
  3251 | D:4      | Noticed Pikel
  3254 | D:4      | Noticed a lemure
  3254 | D:4      | Noticed a lemure
  3254 | D:4      | Noticed a lemure
  3255 | D:4      | Noticed a lemure
  3267 | D:4      | HP: 1/41 [Pikel/+1 whip of freezing (5)]
  3267 | D:4      | Slain by Pikel

Illustrated notes

Levels and vault maps discovered:
D:1:      sevenhm_arrival_forest_fort_small_4, layout_basic,
          grunt_decor_mini_mirrors, dk_noncrumbling_3, minmay_pentomino_q4
D:2:      layout_loops_ring, serial_shops, nicolae_shop_getting_attention,
          serial_bayou_pond_e
D:3:      layout_loops_corners, basic_ecumenical_altar
D:4:      layout_basic, uniq_pikel

Skill      XL: |  1  2  3  4 |
---------------+-------------+-----
Armour         | 4 |  4.9
Shields        | 4 |  4.1
Maces & Flails | 1 |  1.7
Fighting       | 4 |  4.4
Dodging        | 1 |  1.7
Long Blades    | |  2.5
Stealth        | |  0.1

Action                     |  1- 3 |  4- 6 || total
---------------------------+-------+-------++-------
  Melee: Flail             |    66 |    36 ||   102
         Headbutt          |    10 |     4 ||    14
  Throw: Boomerang         |     1 |       ||     1
    Use: Potion            |       |     7 ||     7
         Scroll            |       |     1 ||     1
 Armour: Scale mail        |    35 |       ||    35
         Chain mail        |     2 |    37 ||    39
  Dodge: Dodged            |    34 |    17 ||    51
  Block: Buckler           |    12 |     9 ||    21
